 Dungeon Crawl Stone Soup version 0.24-a0-201-gf205589 (webtiles) character file.

Game seed: 10213070398459999672

7126 nikopol the Thaumaturge (level 10, 0/52 HPs)
             Began as a Deep Elf Fire Elementalist on Mar 20, 2019.
             Was a Believer of Vehumet.
             Killed by static electricity
             ... invoked by an insubstantial wisp
              (9 damage)
             ... on level 1 of the Lair of Beasts.
             The game lasted 00:25:18 (7873 turns).

nikopol the Thaumaturge (DEFE)                      Turns: 7873, Time: 00:25:18

Health: 0/52       AC:  5    Str:  5    XL:     10   Next: 85%
Magic:  5/37       EV: 14    Int: 31    God:    Vehumet [**....]
Gold:   468        SH:  0    Dex: 15    Spells: 19/34 levels left

rFire    + . .     SeeInvis .   y - +8 dagger of Yniylu {drain, Int+7}
rCold    . . .     Gourm    .   (no shield)
rNeg     . . .     Faith    .   t - +2 robe {rF+}
rPois    +         Spirit   .   (no helmet)
rElec    .         Reflect  .   f - +0 cloak
rCorr    .         Harm     .   (no gloves)
MR       +....                  (no boots)
Stlth    +++.......             D - amulet of magic regeneration
HPRegen  0.17/turn              B - ring of poison resistance
MPRegen  0.50/turn              p - ring of magical power

@: no status effects
A: no striking features
a: Renounce Religion


You were on level 1 of the Lair of Beasts.
You worshipped Vehumet.
Vehumet was pleased with you.
You were not hungry.

You visited 3 branches of the dungeon, and saw 11 of its levels.

You collected 468 gold pieces.

Inventory:

Hand Weapons
 y - the +8 dagger of Yniylu (weapon) {drain, Int+7}
   (You found it on level 4 of the Dungeon)

   A truly terrible weapon, it drains the life of those it strikes.
   It affects your intelligence (+7).
Armour
 f - a +0 cloak (worn)
 t - a +2 robe of fire resistance (worn)
Jewellery
 p - a ring of magical power (right hand)
 B - a ring of poison resistance (left hand)
 D - an amulet of magic regeneration (around neck)
 E - an uncursed ring of resist corrosion
 H - an uncursed ring of protection from cold
Wands
 e - a wand of disintegration (17)
 x - a wand of paralysis (9)
 A - a wand of digging (5)
 K - a wand of iceblast (8)
 L - a wand of polymorph (7)
Scrolls
 a - 2 scrolls of enchant weapon
 h - 2 scrolls of amnesia {unknown}
 i - 9 scrolls of remove curse {unknown}
 k - 3 scrolls of teleportation {unknown}
 l - a scroll of blinking {unknown}
 o - 2 scrolls of immolation {unknown}
 r - 2 scrolls of fear {unknown}
 u - a scroll of fog {unknown}
 w - a scroll of magic mapping {unknown}
 C - a scroll of holy word {unknown}
 F - a scroll of vulnerability {unknown}
 G - a scroll of enchant armour {unknown}
Potions
 b - a potion of resistance
 d - a potion of lignification {unknown}
 j - 2 potions of might
 n - 3 potions of brilliance
 q - 4 potions of curing
 s - 4 potions of heal wounds
 v - 2 potions of cancellation
 z - a potion of magic
 J - a potion of flight {unknown}
Comestibles
 c - 18 rations
 I - 3 chunks of flesh


   Skills:
 + Level 1.4 Fighting
 + Level 4.1 Dodging
 + Level 4.4 Stealth
 + Level 12.8 Spellcasting
 + Level 10.1 Conjurations
 + Level 10.1 Fire Magic


You had 19 spell levels left.
You knew the following spells:

 Your Spells              Type           Power        Failure   Level  Hunger
a - Flame Tongue          Conj/Fire      #####        1%          1    None
b - Throw Flame           Conj/Fire      ######       1%          2    None
c - Conjure Flame         Conj/Fire      ######..     1%          3    None
d - Sticky Flame          Conj/Fire      ######..     1%          4    None
e - Fireball              Conj/Fire      ######....   1%          5    #......

Your spell library contained the following spells:

 Spells                   Type           Power        Failure   Level  Hunger
 Searing Ray              Conj           ######       1%          2    None
 Ignite Poison            Fire/Tmut/Pois #####...     1%          3    None
 Inner Flame              Hex/Fire       ######..     1%          3    None
 Animate Skeleton         Necr           N/A          2%          1    None
 Pain                     Necr           ###.         2%          1    None
 Sublimation of Blood     Necr           ###.......   3%          2    None
 Regeneration             Chrm/Necr      ###.......   8%          3    None
 Vampiric Draining        Necr           ###.......   8%          3    None
 Irradiate                Conj/Tmut      ######....   9%          5    #......
 Animate Dead             Necr           N/A          24%         4    None
 Petrify                  Tmut/Erth      ###.....     24%         4    None
 Alistair's Intoxication  Tmut/Pois      ###.....     56%         5    #......


Dungeon Overview and Level Annotations

Branches:
Dungeon (9/15)             Temple (1/1) D:6            Lair (1/6) D:9
    Orc: D:9-12

Altars:
Ashenzari
Cheibriados
Dithmenos
Elyvilon
Fedhas
Gozag
Hepliaklqana
Kikubaaqudgha
Makhleb
Nemelex Xobeh
Okawaru
Qazlal
Ru
Sif Muna
Trog
Uskayaw
Vehumet
Wu Jian
Xom
Yredelemnul
Zin
The Shining One

Shops:
D:8 (

Annotations:
D:4 2 runed translucent doors, VictorG's ghost, amateur DsFE


Message History

Confirm with . or Enter, or press ? or * to list all spells.
Aiming: Flame Tongue (safe; 1% risk of failure)
Press: ? - help, Shift-Dir - straight line, f - insubstantial wisp
Aim: an insubstantial wisp (flame, heavily damaged)
The flame tongue hits the insubstantial wisp.
The insubstantial wisp resists.
The insubstantial wisp is heavily damaged.
The insubstantial wisp is engulfed in blazing flames.
The insubstantial wisp hits you!
* * * LOW HITPOINT WARNING * * *
Casting: Flame Tongue (safe; 1% risk of failure)
Confirm with . or Enter, or press ? or * to list all spells.
Aiming: Flame Tongue (safe; 1% risk of failure)
Press: ? - help, Shift-Dir - straight line, f - insubstantial wisp, p - insubstantial wisp
Aim: an insubstantial wisp (almost destroyed)
The flame tongue misses the insubstantial wisp. x2
The insubstantial wisp is engulfed in blazing flames.
The insubstantial wisp thrums sharply.
You are struck by an arc of lightning!
You die...

#.# #.## #..#
#.## # #.# ..
#.# ..#v#
#.#######.
..≈≈..#.........
≈≈≈≈≈§v@........
.≈≈≈≈.########..
..≈≈≈≈ P.≈≈≈
≈.≈≈≈ ≈≈≈≈ ≈


You could see 2 insubstantial wisps.

Vanquished Creatures
  A two-headed ogre (D:8)
  Pikel (D:7)
  A spiny frog (Lair:1)
  A troll (D:9)
  A hornet (D:9)
  A hippogriff (Lair:1)
  2 wyverns
  6 yaks (D:9)
  A human (D:8)
  A hungry ghost (D:7)
  A vampire mosquito (Lair:1)
  An insubstantial wisp (Lair:1)
  3 porcupines (Lair:1)
  An orc warrior (D:9)
  A sky beast (D:8)
  An eye of draining (D:9)
  A phantom (D:6)
  5 centaurs
  3 ogres
  6 bullfrogs
  2 scorpions
  5 killer bees (D:8)
  4 howler monkeys
  5 crimson imps
  A bullfrog zombie (D:5)
  A centaur zombie (D:6)
  A quasit (D:9)
  A jelly (D:6)
  6 orc priests
  5 orc wizards
  3 bullfrog skeletons
  3 iguanas
  2 centaur skeletons (D:7)
  7 worker ants
  A hound skeleton (D:8)
  A worker ant zombie (D:7)
  8 adders
  7 shadow imps
  2 oozes
  4 dart slugs
  2 leopard geckos
  28 orcs
  6 giant cockroaches
  9 goblins
  6 hobgoblins
  7 jackals
  3 quokkas
  4 ball pythons
  5 bats
  2 frilled lizards (D:1)
  A giant cockroach zombie (D:5)
  A jackal skeleton (D:4)
  6 kobolds
  A quokka skeleton (D:5)
  2 quokka zombies
  7 rats
198 creatures vanquished.

Vanquished Creatures (others)
  A vampire mosquito (Lair:1)
  A water moccasin zombie (D:7)
  A howler monkey skeleton (D:7)
  A plant (Lair:1)
4 creatures vanquished.

Grand Total: 202 creatures vanquished

Notes
Turn   | Place    | Note
-------+----------+-------------------------------------------
     0 | D:1      | nikopol the Deep Elf Fire Elementalist began the quest for
                  | the Orb.
     0 | D:1      | Reached XP level 1. HP: 10/10 MP: 6/6
   116 | D:1      | Reached XP level 2. HP: 14/15 MP: 2/8
   754 | D:1      | Reached XP level 3. HP: 19/19 MP: 8/10
   758 | D:1      | Learned a level 2 spell: Throw Flame
   762 | D:1      | Learned a level 3 spell: Conjure Flame
  1152 | D:2      | Reached skill level 4 in Spellcasting
  1674 | D:3      | Reached XP level 4. HP: 10/24 MP: 12/12
  1916 | D:3      | Learned a level 4 spell: Sticky Flame
  1958 | D:3      | Reached XP level 5. HP: 28/28 MP: 14/14
  2209 | D:3      | Reached skill level 5 in Spellcasting
  2209 | D:3      | Reached skill level 5 in Fire Magic
  2432 | D:4      | Got a slimy dagger
  2433 | D:4      | Identified the +8 dagger of Yniylu {drain, Int+7} (You
                  | found it on level 4 of the Dungeon)
  2548 | D:4      | Noticed an ogre
  2553 | D:4      | Killed an ogre
  2553 | D:4      | Reached XP level 6. HP: 32/32 MP: 16/16
  2560 | D:4      | Learned a level 5 spell: Fireball
  2780 | D:4      | Found a runed translucent door.
  2790 | D:4      | Noticed VictorG's ghost (amateur DsFE)
  2932 | D:4      | Found a runed translucent door.
  3022 | D:5      | Entered Level 5 of the Dungeon
  3028 | D:5      | Reached skill level 6 in Spellcasting
  3139 | D:5      | Found a basalt altar of Yredelemnul.
  3188 | D:5      | Reached XP level 7. HP: 34/36 MP: 18/18
  3481 | D:5      | Found a stormy altar of Qazlal.
  3788 | D:6      | Reached skill level 7 in Spellcasting
  3859 | D:6      | Reached skill level 5 in Conjurations
  3909 | D:6      | Noticed a wyvern
  3920 | D:6      | Killed a wyvern
  3920 | D:6      | Reached XP level 8. HP: 8/42 MP: 14/21
  4197 | D:6      | Reached skill level 8 in Spellcasting
  4297 | D:6      | Found a staircase to the Ecumenical Temple.
  4302 | Temple   | Entered the Ecumenical Temple
  4323 | Temple   | Became a worshipper of Vehumet
  4493 | D:6      | Reached skill level 1 in Fighting
  4715 | D:7      | Reached skill level 9 in Spellcasting
  4939 | D:7      | Noticed Pikel
  5044 | D:7      | Reached XP level 9. HP: 44/47 MP: 23/24
  5099 | D:7      | Killed Pikel
  5099 | D:7      | Reached skill level 10 in Spellcasting
  5690 | D:8      | Reached * piety under Vehumet
  5690 | D:8      | Offered knowledge of Sandblast by Vehumet.
  6134 | D:8      | Reached skill level 11 in Spellcasting
  6208 | D:8      | Found Orcham's Weapon Shoppe.
  6281 | D:8      | Found a shattered altar of Ashenzari.
  6281 | D:8      | Found a faded altar of an unknown god.
  6286 | D:8      | Found a faded altar of an unknown god.
  6288 | D:8      | Found a shimmering altar of Xom.
  6289 | D:8      | Found a hide-covered altar of Uskayaw.
  6446 | D:8      | Found a sacrificial altar of Ru.
  6512 | D:8      | Noticed a two-headed ogre
  6525 | D:8      | Killed a two-headed ogre
  6525 | D:8      | Offered knowledge of Searing Ray by Vehumet.
  6525 | D:8      | Reached XP level 10. HP: 52/52 MP: 23/27
  6583 | D:8      | Found a glowing silver altar of Zin.
  6583 | D:8      | Found a glowing golden altar of the Shining One.
  6584 | D:8      | Found a white marble altar of Elyvilon.
  6658 | D:8      | Reached ** piety under Vehumet
  7143 | D:9      | Found a staircase to the Lair.
  7188 | D:9      | Reached skill level 12 in Spellcasting
  7487 | D:9      | Found a bloodstained altar of Trog.
  7556 | Lair:1   | Entered Level 1 of the Lair of Beasts
  7556 | Lair:1   | Noticed a spiny frog
  7557 | Lair:1   | Killed a spiny frog
  7738 | Lair:1   | Reached skill level 10 in Fire Magic
  7745 | Lair:1   | Reached skill level 10 in Conjurations
  7873 | Lair:1   | Killed from afar by an insubstantial wisp

Levels and vault maps discovered:
D:1:      dpeg_arrival_tiny_a, layout_basic, minmay_nonomino_d4
D:2:      layout_basic
D:3:      layout_basic, first_ration
D:4:      layout_gridville, ebering_ghost_sewer_f, supply_closet_lemuel
D:5:      layout_basic, kennysheep_little_box, kennysheep_crisscross,
          nicolae_qazlal_general_emergency
D:6:      layout_basic, temple_doors_cd
D:7:      layout_loops_ring, minmay_misc_feat_five,
          hangedman_abyss_or_decor_stabs, uniq_pikel
D:8:      layout_basic, good_gods_temple_1, marbit_many_paths,
          chequers_temple_overflow_minitemple, serial_shops, shop,
          grunt_pizzeria
D:9:      layout_cave_pools, lightli_temple_of_fire, lair_entry_dummy
Temple:   cyrus_circular_temple
Lair:1:   beast_lair_carwin_large_1, layout_loops_ring, serial_bayou_pond_b,
          pond

Skill      XL: |  1  2  3  4  5  6  7  8  9 10 |
---------------+-------------------------------+-----
Fire Magic     | 4 5 6 7 9 10 | 10.1
Spellcasting   | 4 5 6 7 9 11 12 | 12.8
Conjurations   | 2 3 4 5 6 8 10 | 10.1
Stealth        | 3 4 |  4.4
Dodging        | 3 4 |  4.1
Fighting       | 1 |  1.4

Action                   |  1- 3 |  4- 6 |  7- 9 | 10-12 || total
-------------------------+-------+-------+-------+-------++-------
Melee: Dagger            |       |     4 |    40 |       ||    44
 Cast: Flame Tongue      |    67 |    52 |   189 |    94 ||   402
       Throw Flame       |       |    19 |     7 |    11 ||    37
       Sticky Flame      |       |     2 |    25 |    13 ||    40
       Fireball          |       |       |     6 |     8 ||    14
       Conjure Flame     |       |       |     3 |     3 ||     6
  Use: Scroll            |       |       |    10 |     2 ||    12
 Stab: Sleeping          |       |       |     1 |       ||     1
  Eat: Chunk             |     1 |     6 |    10 |     5 ||    22
       Ration            |       |       |     1 |       ||     1
Armor: Robe              |     4 |     2 |    27 |     8 ||    41
Dodge: Dodged            |    13 |    16 |    72 |    22 ||   123

Table legend:
 A = Non-vault XP
 B = Vault XP
 C = Vault XP percentage of total XP
 D = Non-vault monster count
 E = Vault monster count
 F = Vault count percentage of total count
                 A         B        C        D         E       F
            +---------+---------+-------+---------+---------+-------
      Total |    8497 |    1683 |  16.5 |     184 |      15 |   7.5
            +---------+---------+-------+---------+---------+-------
        D:1 |      32 |      13 |  28.9 |      20 |       7 |  25.9
        D:2 |      44 |       0 |   0.0 |      16 |       0 |   0.0
        D:3 |     205 |       0 |   0.0 |      12 |       0 |   0.0
        D:4 |     254 |       0 |   0.0 |      15 |       0 |   0.0
        D:5 |     238 |       0 |   0.0 |      11 |       0 |   0.0
        D:6 |    1078 |       0 |   0.0 |      27 |       0 |   0.0
        D:7 |    1049 |     697 |  39.9 |      20 |       1 |   4.8
        D:8 |    2105 |     306 |  12.7 |      35 |       2 |   5.4
        D:9 |    2622 |       0 |   0.0 |      24 |       0 |   0.0
     Lair:1 |     870 |     667 |  43.4 |       4 |       5 |  55.6
            +---------+---------+-------+---------+---------+-------
